 Dungeon Crawl Stone Soup version 0.31.0-12-g77e489cdc1 (console) character file.

Game seed: 9107147672820377635

154296 AlterAsc the Swordmaster (level 17, -14/106 HPs)
             Began as a Tengu Gladiator on Feb 11, 2024.
             Was an Elder of Wu Jian.
             Demolished by a redback (18 damage)
             ... on level 3 of the Lair of Beasts.
             The game lasted 01:40:04 (22705 turns).

AlterAsc the Swordmaster (Tengu Gladiator)         Turns: 22705, Time: 01:40:04

Health: -14/106    AC: -3    Str: 17    XL:     17   Next: 32%
Magic:  18/18      EV: 29    Int:  8    God:    Wu Jian [****..]
Gold:   2343       SH: 11    Dex: 28    Spells: 16/16 levels left

rFire   + . .        m - +7 long sword {venom, rF+ Will+}
rCold   . . .        S - +1 buckler {rPois}
rNeg    . . .        p - +1 swamp dragon scales
rPois   +            c - +0 hat
rElec   .            R - +0 cloak
rCorr   +            U - +2 pair of gloves
SInv    .            (boots unavailable)
Will    ++...        i - amulet of regeneration
Stlth   ++           Y - +6 ring of dexterity
HPRegen 1.17/turn    H - ring of the Octopus King {rCorr HP+2 AC+2 EV+2 SH+2}
MPRegen 0.16/turn

%: acrobat
@: about to teleport, corroded, flying
A: beak, talons 3, evasive flight, acrobatic
}: 1/15 runes: decaying
a: Renounce Religion, Wall Jump, Serpent's Lash


You were on level 3 of the Lair of Beasts.
You worshipped Wu Jian.
Wu Jian was greatly pleased with you.
You visited 7 branches of the dungeon, and saw 30 of its levels.
You also visited: Trove and Bailey.

You collected 2733 gold pieces.
You spent 390 gold pieces at shops.

Inventory:

Hand Weapons
 m - the +7 long sword "Mozuonicop" (weapon) {venom, rF+ Will+}
   (You found it on level 8 of the Dungeon)

   rF+:       It protects you from fire.
   Will+:     It increases your willpower.
 w - the +8 autumn katana {manifold assault}
   (You found it in a treasure trove)
 V - a +0 scimitar of flaming
Missiles
 k - 8 silver javelins
 E - 2 throwing nets
Armour
 c - a +0 hat (worn)
 p - +1 swamp dragon scales (worn)
 R - a +0 cloak (worn)
 S - a +1 buckler of poison resistance (worn)
 U - a +2 pair of gloves (worn)
Jewellery
 a - a ring of poison resistance
 e - a ring of positive energy
 i - an amulet of regeneration (around neck)
 H - a ring of the Octopus King (right hand) {rCorr HP+2 AC+2 EV+2 SH+2}
   (You found it on level 10 of the Dungeon)

   [ring of resist corrosion]

   AC+2:      It affects your AC (+2).
   EV+2:      It affects your evasion (+2).
   HP+2:      It affects your health (+2).
   rCorr:     It protects you from acid and corrosion.
   SH+2:      It affects your SH (+2).
 Y - a +6 ring of dexterity (left hand)
Wands
 d - a wand of light (8) (quivered)
 t - a wand of roots (15)
 G - a wand of mindburst (41)
 I - a wand of flame (52)
 W - a wand of paralysis (30)
Scrolls
 h - 2 scrolls of blinking
 n - 2 scrolls of amnesia
 o - 6 scrolls of teleportation
 q - 4 scrolls of brand weapon
 r - 8 scrolls of revelation
 u - 3 scrolls of fear
 v - a scroll of fog
 y - 8 scrolls of enchant weapon
 A - 7 scrolls of immolation
 B - 2 scrolls of vulnerability
 Q - 2 scrolls of butterflies
 X - 3 scrolls of poison
 Z - a scroll of silence
Potions
 f - 4 potions of attraction
 j - 4 potions of lignification
 l - 2 potions of degeneration
 s - 9 potions of mutation
 x - 9 potions of ambrosia
 z - 2 potions of resistance
 C - 3 potions of enlightenment
 D - 2 potions of berserk rage
 J - 5 potions of might
 K - 3 potions of cancellation
 L - 3 potions of haste
 M - a potion of magic {unknown}
 N - 2 potions of invisibility {unknown}
 O - a potion of experience {unknown}
 P - 2 potions of curing
 T - 3 potions of brilliance
Miscellaneous
 b - a phantom mirror
 g - a phial of floods


   Skills:
 + Level 11.1 Fighting
 O Level 27 Long Blades
 - Level 2.0 Throwing
 + Level 7.0 Armour
 + Level 13.0 Dodging
 + Level 0.2 Stealth
 - Level 10.0 Shields


You had 16 spell levels left.
You didn't know any spells.
Your spell library contained the following spells:

 Spells                   Type           Power      Damage    Failure   Level
 Freeze                   Ice            0%         1d3       65%         1
 Magic Dart               Conj           0%         1d3       65%         1
 Necrotise                Necr           0%         1d4       65%         1
 Sandblast                Erth           0%         2d4       65%         1
 Slow                     Hex            0%         N/A       65%         1
 Ensorcelled Hibernation  Hex/Ice        0%         N/A       78%         2
 Searing Ray              Conj           0%         2d4       78%         2
 Call Canine Familiar     Summ           0%         N/A       95%         3
 Confusing Touch          Hex            0%         N/A       95%         3
 Dazzling Flash           Conj/Hex       0%         N/A       95%         3
 Frozen Ramparts          Ice            0%         1d1       95%         3
 Fugue of the Fallen      Necr           0%         N/A       95%         3
 Hailstorm                Conj/Ice       0%         3d5       95%         3
 Inner Flame              Hex/Fire       0%         N/A       95%         3
 Ozocubu's Armour         Ice            0%         N/A       95%         3
 Passwall                 Erth           0%         N/A       95%         3
 Sigil of Binding         Hex            0%         N/A       95%         3
 Stone Arrow              Conj/Erth      0%         3d7       95%         3
 Summon Ice Beast         Ice/Summ       0%         N/A       95%         3
 Vampiric Draining        Necr           0%         2d6       95%         3
 Volatile Blastmotes      Fire/Tloc      0%         2d10      95%         3
 Anguish                  Hex/Necr       0%         N/A       100%        4
 Animate Armour           Summ/Erth      0%         N/A       100%        4
 Brom's Barrelling Bould  Conj/Erth      0%         2d3       100%        4
 Cause Fear               Hex            0%         N/A       100%        4
 Dimensional Bullseye     Hex/Tloc       0%         N/A       100%        4
 Flame Wave               Conj/Fire      0%         2d4       100%        4
 Fulminant Prism          Conj/Alch      0%         3d5       100%        4
 Manifold Assault         Tloc           0%         N/A       100%        4
 Martyr's Knell           Necr/Summ      0%         N/A       100%        4
 Sticky Flame             Fire/Alch      0%         2d4       100%        4
 Summon Lightning Spire   Summ/Air       0%         N/A       100%        4
 Alistair's Intoxication  Alch           0%         N/A       100%        5
 Borgnjor's Vile Clutch   Necr/Erth      0%         N/A       100%        5
 Curse of Agony           Necr           0%         N/A       100%        5
 Fireball                 Conj/Fire      0%         3d3       100%        5
 Lee's Rapid Deconstruct  Erth           0%         3d4*      100%        5
 Metabolic Englaciation   Hex/Ice        0%         N/A       100%        5
 Summon Forest            Summ/Tloc      0%         N/A       100%        5
 Summon Mana Viper        Hex/Summ       0%         N/A       100%        5
 Eringya's Noxious Bog    Alch           0%         4d6       100%        6
 Sculpt Simulacrum        Ice/Alch       0%         N/A       100%        6
 Starburst                Conj/Fire      0%         6d3       100%        6
 Monstrous Menagerie      Summ           0%         N/A       100%        7
 Summon Hydra             Summ           0%         N/A       100%        7
 Maxwell's Capacitive Co  Air            0%         ∞         100%        8
 Dragon's Call            Summ           0%         N/A       100%        9


Dungeon Overview and Level Annotations

Branches:
Dungeon (15/15)            Temple (1/1) D:7            Lair (5/5) D:9
  Swamp (4/4) Lair:2       Spider (1/4) Lair:3        Slime (0/5) Lair:5
    Orc (2/2) D:11            Elf (0/3) Orc:2        Vaults (0/5) D:14
 Depths (2/4) D:15         Bailey (visited)

Altars:
Ashenzari
Cheibriados
Dithmenos
Elyvilon
Fedhas
Gozag
Hepliaklqana
Kikubaaqudgha
Makhleb
Nemelex Xobeh
Okawaru
Qazlal
Ru
Sif Muna
Trog
Uskayaw
Vehumet
Wu Jian
Xom
Yredelemnul
Zin
The Shining One

Shops:
D:4 !   D:5 !   D:15 [   Orc:1 =::[   Orc:2 *:[

Portals:
Hell: Depths:2
Abyss: Depths:2
Ziggurat: Depths:1


Innate Abilities, Weirdness & Mutations

You have a beak for a mouth.
You have claws for feet.
Your magical flight helps you evade attacks. (EV +4)
You can magically evade attacks while moving or waiting.


Message History

You slash the demonic crawler!
The demonic crawler is poisoned.
The demonic crawler is lightly wounded.
You spin and attack the redback.
You slash the redback!
The redback is poisoned.
The redback is moderately wounded.
You feel sick. The redback misses you. The demonic crawler hits you!
* * * LOW HITPOINT WARNING * * *
You block the demonic crawler's attack.
The demonic crawler completely misses you.
The culicivora barely misses you. You block the redback's attack.
The redback completely misses you.
You feel better.
The demonic crawler completely misses you.
You block the demonic crawler's attack. The demonic crawler misses you.
The culicivora completely misses you. You block the redback's attack.
The redback bites you.
* * * LOW HITPOINT WARNING * * *
The culicivora chitters at the redback.
The redback is healed somewhat.
The culicivora chitters at something.
The demonic crawler misses you. You block the demonic crawler's attack.
The demonic crawler completely misses you.
You slash the demonic crawler!
The demonic crawler looks as sick as possible!
You claw the demonic crawler, but do no damage.
Your peck misses the demonic crawler.
The demonic crawler is moderately wounded.
The demonic crawler barely misses you. You block the demonic crawler's attack.
The demonic crawler barely misses you.
You slash the demonic crawler!
You peck the demonic crawler, but do no damage.
The demonic crawler is heavily wounded.
The demonic crawler misses you.
The demonic crawler completely misses you.
The demonic crawler hits you!
* * * LOW HITPOINT WARNING * * *
You feel better. The demonic crawler closely misses you.
The demonic crawler barely misses you. The demonic crawler hits you!
* * * LOW HITPOINT WARNING * * *
As you read the scroll of teleportation, it crumbles to dust.
You feel strangely unstable. The demonic crawler barely misses you.
The demonic crawler hits you!!
* * * LOW HITPOINT WARNING * * *
You block the demonic crawler's attack. The redback bites you!!
You die...

#.....### #...###......#
##....#####P....##....P#
##.....#.##.....##....P#
......=..####...####..##
........##^#....^#^##..#
........#.#.#...#^###.##
........##.#^#.###^##.#
....#######^#.#^#^###.##
....# ##.###^###.##..#
....# #^#^#.#####.#.##
....# ##.###s#@#.##.#
....# ##.#.ss#s###.#
....##### ##..>..####.#
....P.#P#####...####..#
.........(.#######....##
.......................#
......................###
......††................#
......................###
.......................#
...†..................##


You could see a demonic crawler (extremely poisoned) and 2 redbacks.

Vanquished Creatures
  A thorn hunter (Swamp:4)
  A fire giant (Depths:1)
  A fenstrider witch (Swamp:3)
  Louise (Swamp:2)
  An ironbound preserver (D:14)
  A stone giant (Depths:1)
  The ghost of Imiczer the Cleaver, a journeyman FoFi of Okawaru (D:14)
  2 eleionomae (Swamp:3)
  3 very ugly things (Depths:1)
  2 bunyips
  Josephine (D:14)
  2 shambling mangroves
  A merfolk javelineer (Depths:1)
  A fire dragon (Depths:2)
  2 ice dragons
  Erolcha (D:13)
  An ogre mage (D:14)
  3 alligators
  A rakshasa (Depths:2)
  2 two-headed ogres
  19 hydras
  2 ghost crabs
  A catoblepas (D:14)
  2 boulder beetles
  A death knight (D:15)
  3 centaur warriors
  Urug (D:11)
  4 tengu warriors
  An orc high priest (Orc:2)
  An occultist (Depths:1)
  A deep troll earth mage (D:15)
  Nergalle (Orc:1)
  2 skeletal warriors
  A death drake (Swamp:4)
  2 spriggan druids
  A glowing orange brain (Depths:2)
  11 swamp dragons
  5 goliath frogs
  A flayed ghost (Depths:1)
  6 deep elf pyromancers
  5 orc knights
  2 bog bodies
  An orange crystal statue (D:10)
  2 wolf spiders (D:15)
  4 will-o-the-wisps
  An oklob plant (Lair:2)
  Maurice (D:8)
  3 orc sorcerers (Orc:2)
  3 cyclopes
  6 meliai
  26 ugly things
  6 manticores
  2 kobold blastminers (Orc:2)
  3 black mambas
  10 elephants (Lair:3)
  2 gargoyles
  Jeremiah (D:8)
  A torpor snail (Lair:2)
  3 unseen horrors
  26 cane toads
  2 kobold demonologists (D:13)
  An efreet (D:15)
  2 tengu conjurers
  8 rime drakes
  9 komodo dragons
  A queen bee (Lair:4)
  7 tyrant leeches
  6 trolls
  A bloated husk (Swamp:3)
  6 polar bears
  A tarantella (Spider:1)
  33 blink frogs
  11 hornets
  10 dream sheep
  8 slime creatures
  A culicivora (Lair:3)
  4 jumping spiders (Lair:3)
  A shadow (D:11)
  7 wraiths
  8 spriggans
  A spriggan (shapeshifter) (D:14)
  2 water elementals (Depths:1)
  4 wyverns
  29 yaks
  5 basilisks
  2 steam dragons (D:8)
  Eustachio (D:4)
  A warg (Orc:1)
  17 vampire mosquitoes
  7 redbacks
  12 swamp worms
  An acid dragon (D:9)
  11 water moccasins
  4 ice beasts
  20 orc warriors
  10 swamp drakes
  A sky beast (D:7)
  A black bear (shapeshifter) (D:14)
  A black bear (D:8)
  4 laughing skulls
  An ogre (shapeshifter) (D:12)
  A boggart (D:14)
  11 wolves
  3 centaurs
  2 ogres
  3 phantoms
  2 kobold brigands
  2 gnoll sergeants
  14 bullfrogs
  2 scorpions
  9 wights
  34 killer bees
  5 howler monkeys
  An electric eel (Lair:5)
  3 lava snakes (D:10)
  3 hounds
  A gnoll bouda (D:4)
  2 bombardier beetles
  15 orc priests
  2 jellies
  An iguana (D:2)
  11 orc wizards
  17 gnolls
  10 adders
  A shadow imp (D:7)
  2 white imps
  4 ufetubi
  A dart slug (D:3)
  A ribbon worm (D:2)
  70 orcs
  An orc (shapeshifter) (D:13)
  9 ball pythons
  2 bats
  10 endoplasms
  6 giant cockroaches
  4 goblins
  7 hobgoblins
  6 jackals
  25 kobolds
  6 quokkas
  6 frilled lizards
  3 rats
783 creatures vanquished.

Vanquished Creatures (others)
  An orc knight (Orc:2)
  An unseen horror (D:13)
  3 bloated husks
  A kobold brigand (D:10)
  3 kobolds
  6 foxfires
15 creatures vanquished.

Grand Total: 798 creatures vanquished

Notes
Turn   | Place    | Note
-------+----------+-------------------------------------------
     0 | D:1      | AlterAsc the Tengu Gladiator began the quest for the Orb.
     0 | D:1      | Reached XP level 1. HP: 12/12 MP: 2/2
   120 | D:1      | Reached XP level 2. HP: 17/17 MP: 3/3
   181 | D:1      | Reached skill level 4 in Long Blades
   210 | D:1      | Found a faded altar of an unknown god.
   466 | D:1      | Reached XP level 3. HP: 21/21 MP: 4/4
   897 | D:2      | Reached skill level 5 in Long Blades
   897 | D:2      | Reached XP level 4. HP: 21/26 MP: 5/5
  1819 | D:3      | Reached skill level 6 in Long Blades
  1825 | D:3      | Reached XP level 5. HP: 30/30 MP: 6/6
  2233 | D:3      | Found a burning altar of Makhleb.
  2304 | D:4      | Noticed a phantom
  2314 | D:4      | Killed a phantom
  2315 | D:4      | Reached skill level 7 in Long Blades
  2315 | D:4      | Reached XP level 6. HP: 35/35 MP: 7/7
  2331 | D:4      | Found Kynemit's Distillery.
  2339 | D:4      | Bought a potion of curing for 30 gold pieces
  2424 | D:4      | Noticed Eustachio
  2439 | D:4      | Identified the +1 robe of Dust Devil {rF++}
  2464 | D:4      | Found a blossoming altar of Fedhas.
  2532 | D:4      | Reached skill level 8 in Long Blades
  2624 | D:4      | Killed Eustachio
  2625 | D:4      | Reached skill level 9 in Long Blades
  2625 | D:4      | Gained mutation: Your magical flight helps you evade
                  | attacks. (EV +4) [Tengu growth]
  2625 | D:4      | Reached XP level 7. HP: 40/40 MP: 8/8
  2790 | D:5      | Entered Level 5 of the Dungeon
  2936 | D:4      | Reached skill level 10 in Long Blades
  2970 | D:5      | Reached XP level 8. HP: 42/44 MP: 9/9
  2996 | D:5      | Found a sacrificial altar of Ru.
  3175 | D:5      | Found Kefru's Distillery.
  3203 | D:5      | Bought a potion of heal wounds for 60 gold pieces
  3509 | D:6      | Found a basalt altar of Yredelemnul.
  3789 | D:6      | Reached skill level 11 in Long Blades
  4324 | D:7      | Found a flagged portal.
  4325 | D:7      | Noticed a wyvern
  4336 | D:7      | Killed a wyvern
  4337 | D:7      | Reached skill level 12 in Long Blades
  4370 | D:7      | Reached XP level 9. HP: 31/48 MP: 10/10
  4458 | D:7      | Found a glowing golden altar of the Shining One.
  4538 | Bailey   | Entered a bailey
  4704 | Bailey   | Reached skill level 13 in Long Blades
  4734 | Bailey   | Noticed an orc knight
  4949 | D:7      | Found a staircase to the Ecumenical Temple.
  4955 | Temple   | Entered the Ecumenical Temple
  5125 | D:7      | Found an ornate altar of the Wu Jian Council.
  5138 | D:7      | Became a worshipper of the Wu Jian Council
  5199 | D:8      | Noticed a hornet
  5199 | D:8      | Found a shimmering blue altar of Sif Muna.
  5205 | D:8      | Identified the +7 long sword "Mozuonicop" {venom, rF+
                  | Will+}
  5217 | D:8      | Killed a hornet
  5257 | D:8      | Noticed Jeremiah
  5260 | D:8      | Reached skill level 14 in Long Blades
  5260 | D:8      | Found a shimmering altar of Xom.
  5271 | D:8      | Killed Jeremiah
  5272 | D:8      | Reached skill level 1 in Armour
  5348 | D:8      | Found a white marble altar of Elyvilon.
  5433 | D:8      | Noticed Maurice
  5440 | D:8      | Maurice stole a +3 dagger
  5444 | D:8      | Killed Maurice
  5445 | D:8      | Reached skill level 5 in Dodging
  5515 | D:8      | Reached XP level 10. HP: 56/56 MP: 11/11
  5969 | D:9      | Noticed a +0 falchion
  5969 | D:9      | Noticed a +0 falchion
  5970 | D:9      | Noticed a +0 spear
  5970 | D:9      | Noticed a +0 short sword
  5970 | D:9      | Noticed a +0 dagger
  5971 | D:9      | Noticed a +0 short sword
  5971 | D:9      | Noticed a +0 dagger
  5971 | D:9      | Noticed a +0 spear
  5975 | D:9      | Found a hide-covered altar of Uskayaw.
  6023 | D:9      | You are sucked into a shaft and drop 1 floor!
  6023 | D:10     | Entered Level 10 of the Dungeon
  6155 | D:10     | Reached * piety under Wu Jian
  6169 | D:10     | Reached skill level 1 in Shields
  6215 | D:9      | Found a staircase to the Lair.
  6709 | D:10     | Reached skill level 5 in Shields
  6754 | D:10     | Noticed an orange crystal statue
  6781 | D:10     | Found a radiant altar of Vehumet.
  6958 | D:10     | Found the ring of the Octopus King
  6964 | D:10     | Identified a ring of the Octopus King {rCorr HP+2 AC+2 EV+2
                  | SH+2}
  7070 | D:10     | Found a broken altar of Ashenzari.
  7290 | D:10     | Reached XP level 11. HP: 59/61 MP: 12/12
  7302 | D:10     | Reached ** piety under Wu Jian
  7517 | Lair:1   | Entered Level 1 of the Lair of Beasts
  7599 | Lair:1   | Reached skill level 5 in Fighting
  7666 | Lair:1   | Reached skill level 15 in Long Blades
  8756 | Lair:2   | Noticed an oklob plant
  8861 | Lair:2   | Found a staircase to the Swamp.
  8932 | Lair:2   | Reached skill level 10 in Dodging
  8932 | Lair:2   | Reached XP level 12. HP: 68/68 MP: 13/13
  8979 | Lair:2   | Identified the +11 long sword "Quzaxzuy" {antimagic, Dex+3}
  9066 | Lair:2   | Reached skill level 5 in Armour
  9071 | Lair:2   | Reached *** piety under Wu Jian
  9280 | Lair:2   | Reached skill level 16 in Long Blades
  9466 | Lair:3   | Found a hole to the Spider Nest.
  9507 | Lair:3   | Reached skill level 17 in Long Blades
  9507 | Lair:3   | HP: 2/70 [cane toad (12)]
  9776 | Lair:3   | Reached skill level 18 in Long Blades
  9791 | Lair:3   | Reached **** piety under Wu Jian
  9792 | Lair:3   | Reached XP level 13. HP: 51/72 MP: 14/14
 10271 | Lair:4   | Reached skill level 19 in Long Blades
 10685 | Lair:4   | Reached skill level 20 in Long Blades
 11014 | Lair:4   | Reached ***** piety under Wu Jian
 11716 | D:11     | Found a staircase to the Orcish Mines.
 12149 | Orc:1    | Entered Level 1 of the Orcish Mines
 12206 | Orc:1    | Found Bahalo's Antique Armour Emporium.
 12216 | Orc:1    | Noticed Nergalle
 12230 | Orc:1    | Killed Nergalle
 12266 | Orc:1    | Found Olerysso's Book Emporium.
 12310 | Orc:1    | Found Tobredo's Book Emporium.
 12313 | Orc:1    | Found Namis's Jewellery Shoppe.
 12555 | Orc:2    | Entered Level 2 of the Orcish Mines
 12557 | Orc:2    | Found Syureps's Book Shoppe.
 12557 | Orc:2    | Noticed an orc warlord
 12625 | Orc:2    | Found Ekhenak's General Store.
 12647 | Orc:2    | Reached XP level 14. HP: 78/79 MP: 15/15
 12677 | Orc:2    | Found Irhiacro's Antique Armour Shop.
 12891 | Orc:2    | Found a staircase to the Elven Halls.
 13944 | D:13     | Noticed Urug
 13945 | D:13     | Noticed Erolcha
 13949 | D:13     | Reached ****** piety under Wu Jian
 14045 | D:11     | Killed Urug
 14275 | D:13     | Killed Erolcha
 14375 | D:13     | Identified the +1 scale mail of Porhesei {Dex+5}
 14829 | D:14     | Upgraded the game from 0.31.0-11-ge490571c62 to
                  | 0.31.0-12-g77e489cdc1
 14863 | D:14     | Found a runed translucent door.
 14864 | D:14     | Noticed Imiczer's ghost (journeyman FoFi)
 14866 | D:14     | Identified the +5 trident of Parts Unknown {elec, rElec}
 15204 | D:14     | Found a gate to the Vaults.
 15204 | D:14     | Identified a scroll of acquirement
 15204 | D:14     | Noticed an ironbound preserver
 15213 | D:14     | Killed an ironbound preserver
 15227 | D:14     | Acquired a manual of Long Blades
 15284 | D:14     | Noticed Josephine
 15291 | D:14     | Killed Josephine
 15298 | D:14     | Reached skill level 10 in Shields
 15317 | D:14     | Reached XP level 15. HP: 81/89 MP: 6/16
 15395 | D:14     | Reached skill level 21 in Long Blades
 15946 | D:14     | Killed Imiczer's ghost
 16087 | D:14     | Identified the +8 trident of the Last Invaders {venom, rN+}
 16160 | D:15     | Entered Level 15 of the Dungeon
 16276 | D:15     | Reached skill level 10 in Fighting
 16515 | D:15     | Found a staircase to the Depths.
 16518 | D:15     | Reached skill level 22 in Long Blades
 16706 | D:15     | Reached skill level 23 in Long Blades
 16758 | D:15     | Found Megesut's Armour Boutique.
 17082 | Depths:1 | Entered Level 1 of the Depths
 17389 | Depths:1 | Noticed a fire giant
 17400 | Depths:1 | Killed a fire giant
 17400 | Depths:1 | Reached skill level 24 in Long Blades
 17554 | Depths:1 | Found a one-way gateway to a ziggurat.
 17748 | Depths:2 | Found a one-way gate to the infinite horrors of the Abyss.
 17762 | Depths:2 | Reached XP level 16. HP: 70/97 MP: 17/17
 17786 | Depths:2 | Found a gateway to Hell.
 17982 | Depths:2 | Found a portal to a secret trove of treasure.
 17993 | Trove    | Entered a treasure trove
 17995 | Trove    | Found the +13 scythe of Curses {drain, curses, ^Drain}
 17995 | Trove    | Found the +7 great mace "Undeadhunter" {deathbane, rN+}
 17995 | Trove    | Found the +8 whip "Snakebite" {venom, curare, rPois}
 17995 | Trove    | Found the +8 lance "Wyrmbane" {slay drac, rPois rF+ rC+
                  | AC+3}
 17996 | Trove    | Found the +8 autumn katana {manifold assault}
 18009 | Trove    | Identified the +4 shortbow "Xivatim" {flame, rC+ Will+
                  | Int-3}
 18013 | Trove    | Identified the +5 battleaxe of Lokewk {drain, rPois rF+
                  | Int+4}
 18018 | Trove    | Identified the +0 falchion of Hepliaklqana's Hope {protect,
                  | rN+ Dex+4}
 18291 | Lair:5   | Entered Level 5 of the Lair of Beasts
 18351 | Lair:5   | Reached skill level 25 in Long Blades
 18724 | Lair:5   | Found a staircase to the Slime Pits.
 19328 | Orc:1    | Bought a ring of poison resistance for 300 gold pieces
 19519 | Swamp:1  | Entered Level 1 of the Swamp
 19957 | Swamp:1  | Reached skill level 26 in Long Blades
 20408 | Swamp:2  | Noticed Louise
 20476 | Swamp:2  | Killed Louise
 21167 | Swamp:3  | Noticed a fenstrider witch
 21177 | Swamp:3  | Killed a fenstrider witch
 21419 | Swamp:4  | Entered Level 4 of the Swamp
 21711 | Swamp:4  | Reached XP level 17. HP: 87/104 MP: 18/18
 22020 | Swamp:4  | Got a decaying rune of Zot
 22679 | Spider:1 | Entered Level 1 of the Spider Nest
 22683 | Spider:1 | Reached skill level 27 in Long Blades
 22705 | Lair:3   | HP: 4/106 [demonic crawler (19)]
 22705 | Lair:3   | Demolished by a redback

Illustrated notes

Levels and vault maps discovered:
D:1:      spicycebolla_arrival_xxxplode, layout_loops_ring,
          basic_ecumenical_altar
D:2:      layout_rooms, minivault_25
D:3:      layout_basic, general_overflow_altar, minmay_three_crescents
D:4:      layout_cave_pools, mainiacjoe_overflow_alcove_4, serial_shops, shop,
          uniq_eustachio
D:5:      layout_basic, nicolae_ru_awakened_eye, serial_shops,
          nicolae_shop_trees
D:6:      layout_loops_ring, yredelemnul_altar_generic, chequers_arboretum,
          minmay_misc_feat_tower, dk_noncrumbling_3, kennysheep_generic_room_2
D:7:      layout_basic, lemuel_doored_altar,
          mainiacjoe_overflow_six_doors_small,
          minmay_temple_entry_enclosed_plants, enter_bailey_6
D:8:      layout_loops_cross, nicolae_sif_muna_condensation,
          amcnicky_altar_gilded, mainiacjoe_overflow_cross_hatched,
          dreamdust_mushroom_princess, uniq_maurice, uniq_jeremiah
D:9:      layout_loops_ring, nicolae_uskayaw_en_pointe, hellmonk_lair_entry_icy
D:10:     layout_loops_ring, fiery_altar_vehumet, lemuel_coloured_pillars_altar,
          disabler_island
D:11:     layout_cave_pools, minmay_orc_entry_temple_small
D:12:     layout_rooms
D:13:     layout_rooms, nicolae_tricolors, uniq_urug, uniq_erolcha
D:14:     layout_loops_corners, skrybe_vaults_entry_preservation,
          grunt_decor_mini_mirrors, ebering_ghost_funeral_grove, uniq_josephine
D:15:     hellmonk_depths_entry_around_the_bend, layout_irregular_city,
          serial_shops, nicolae_shop_just_a_little_nook
Temple:   hellmonk_temple_micro_hex
Lair:1:   layout_cave_pods
Lair:2:   layout_gridlike, swamp_mist, chequers_serial_rivers_small_b
Lair:3:   layout_long_grid, nicolae_spider_entry_tight_spaces
Lair:4:   layout_roguey [special_room_bee], minmay_lair_drake_nest
Lair:5:   minmay_lair_end_frog_pond, layout_loops_ring, slime_entry_1
Swamp:1:  layout_basic_swamp, nicolae_swamp_tree_designs
Swamp:2:  layout_falls_marsh, nicolae_swamp_stuck_in_the_mud, uniq_louise
Swamp:3:  layout_basic_swamp, evilmike_swamp_ruin_wall, swamp_pool_1_2
Swamp:4:  swamp, layout_basic_swamp, swamp_pool_3
Spider:1: layout_spider_delve, nicolae_spider_baby_got_redback, uniq_aizul
Orc:1:    layout_caves, serial_shops, shop, shop, shop, shop, uniq_nergalle
Orc:2:    grunt_orc_gardens, layout_caves, grunt_orc_garden, grunt_orc_garden,
          grunt_orc_garden, grunt_orc_garden, basic_altar,
          blackcustard_mines_bat_river, uniq_saint_roka
Depths:1: layout_gridlike, ziggurat_fallback, hell_entry, minmay_misc_feat_x,
          nicolae_rejected_hall
Depths:2: minmay_coctagon, layout_gridlike, nicolae_trove_entry_diagonal,
          grunt_hell_entry_dis_mu, nrook_uturn, abyss_entry,
          grunt_pan_entry_spiral

Skill      XL: |  1  2  3  4  5  6  7  8  9 10 11 12 13 14 15 16 17 |
---------------+----------------------------------------------------+-----
Long Blades    | 4 5 6 7 9 10 12 14 15 18 20 24 26 27 | 27.0
Armour         | 2 4 5 6 7 |  7.0
Dodging        | 6 9 10 12 13 | 13.0
Fighting       | 3 4 5 8 10 11 | 11.1
Shields        | 5 6 7 10 | 10.0
Throwing       | |  2.0
Stealth        | |  0.2

Action                     |  1- 3 |  4- 6 |  7- 9 | 10-12 | 13-15 | 16-18 || total
---------------------------+-------+-------+-------+-------+-------+-------++-------
  Melee: Long sword        |    55 |   136 |   237 |   512 |  1282 |    45 ||  2267
         Kick              |    12 |    40 |    68 |   179 |   503 |   244 ||  1046
         Peck              |     6 |    21 |    42 |   122 |   299 |   158 ||   648
         Punch             |     2 |     2 |     3 |     2 |       |       ||     9
         Katana            |       |       |       |       |       |   455 ||   455
         Scimitar          |       |       |       |       |       |   132 ||   132
  Throw: Throwing net      |       |     4 |       |       |       |       ||     4
 Invoke: Serpent's Lash    |       |       |       |       |     6 |       ||     6
         Heavenly Storm    |       |       |       |       |     2 |       ||     2
Ability: Lunge             |       |       |     3 |    53 |    73 |    41 ||   170
         Whirlwind         |       |       |       |   170 |   646 |    58 ||   874
         Wall Jump         |       |       |       |     1 |     1 |       ||     2
  Evoke: Wand              |       |       |       |       |       |     1 ||     1
    Use: Scroll            |       |       |     7 |     9 |    14 |     9 ||    39
         Potion            |       |       |     4 |     2 |     7 |     6 ||    19
   Stab: Sleeping          |     1 |     3 |     1 |     3 |       |     2 ||    10
         Held in net/web   |       |     1 |       |       |       |       ||     1
         Distracted        |       |       |     1 |     1 |     1 |     1 ||     4
 Armour: Leather armour    |    18 |    17 |       |       |       |       ||    35
         Ring mail         |       |    31 |   104 |   107 |   314 |    39 ||   595
         Swamp dragon scal |       |       |       |       |       |   140 ||   140
  Dodge: Dodged            |    42 |   118 |   260 |   292 |   832 |   416 ||  1960
  Block: Buckler           |       |       |       |   151 |   521 |   224 ||   896
